 Dungeon Crawl Stone Soup version 0.25-a0-583-g696c2ac (webtiles) character file.

Game seed: 17527698452550518803, levelgen mode: deterministic

86 BlueFish the Covered (level 4, 0/40 HPs)
             Began as a Minotaur Fighter on Mar 8, 2020.
             Killed from afar by an orc wizard (6 damage)
             ... with a magic dart
             ... on level 3 of the Dungeon.
             The game lasted 00:02:15 (1236 turns).

BlueFish the Covered (Minotaur Fighter)             Turns: 1236, Time: 00:02:15

Health: 0/40       AC:  8    Str: 21    XL:     4   Next: 27%
Magic:  3/3        EV: 10    Int:  5    God:
Gold:   97         SH:  4    Dex: 10    Spells: 3/3 levels left

rFire    . . .     SeeInvis .   a - +0 long sword
rCold    . . .     Gourm    .   g - +0 buckler
rNeg     . . .     Faith    .   b - +1 scale mail
rPois    .         Spirit   .   (helmet restricted)
rElec    .         Reflect  .   (no cloak)
rCorr    .         Harm     .   (no gloves)
MR       .....                  (no boots)
Stlth    ..........             (no amulet)
HPRegen  0.13/turn              (no ring)
MPRegen  0.08/turn              (no ring)

@: mighty
A: retaliatory headbutt, horns 2
a: no special abilities


You were on level 3 of the Dungeon.
You were not hungry.

You visited 1 branch of the dungeon, and saw 3 of its levels.

You collected 97 gold pieces.

Inventory:

Hand Weapons
 a - a +0 long sword (weapon)
Armour
 b - a +1 scale mail (worn)
 c - a +0 kite shield
 g - a +0 buckler (worn)
Jewellery
 k - a cursed ring of teleportation {unknown}
 r - an uncursed ring of stealth {unknown}
Scrolls
 h - a scroll of remove curse {unknown}
 n - a scroll of identify
 q - a scroll of blinking
Potions
 e - a potion of resistance
 i - a potion of heal wounds {unknown}
 j - 2 potions of flight
 l - a potion of degeneration {unknown}
 m - a potion of lignification {unknown}
 p - a potion of haste {unknown}
 s - a potion of ambrosia {unknown}
 t - a potion of mutation {unknown}
Comestibles
 f - 10 rations
 o - 3 chunks of flesh


   Skills:
 * Level 4.1 Fighting
 * Level 3.8 Long Blades
 * Level 4.3 Armour
 + Level 0.5 Dodging
 * Level 4.3 Shields


You had 3 spell levels left.
You didn't know any spells.
Your spell library was empty.

Dungeon Overview and Level Annotations

Branches:
Dungeon (3/15)

Altars:
Trog


Innate Abilities, Weirdness & Mutations

You reflexively headbutt those who attack you in melee.
You have a pair of horns on your head.


Message History

The goblin hits you with a +0 club.
* * * LOW HITPOINT WARNING * * *
The orc completely misses you. The hobgoblin hits you with a +0 club.
* * * LOW HITPOINT WARNING * * *
You block the orc's attack. The orc hits you but does no damage.
You block something's attack.
The orc priest hits you but does no damage.
You slash the orc priest!
You kill the orc priest!
You have reached level 4!
You feel stronger. You block the goblin's attack. You block the orc's attack.
The hobgoblin barely misses you. You furiously retaliate!
You headbutt the hobgoblin!
You kill the hobgoblin!
You block the orc's attack. The orc closely misses you.
You hear some strange, mumbled words.
A magic dart appears from out of thin air!
The magic dart hits you.
You die...

...
##########....
#.....<.......
.
####....######
.. ####.###
..# #...## ..#
###..####.).##
##...o.....#
#.g@or.....
#..)o)......
#...!.......
#.....#.#...
##....._....
....(#.#...
..........$.
.............


You could see 3 orcs, a goblin and a rat.

Vanquished Creatures
  An orc priest (D:3)
  A shadow imp (D:3)
  2 worms (D:2)
  A leopard gecko (D:1)
  2 orcs (D:3)
  2 giant cockroaches (D:1)
  3 goblins (D:1)
  8 hobgoblins
  4 jackals
  2 kobolds (D:1)
  A quokka (D:2)
  4 bats (D:1)
  3 frilled lizards
  4 rats
38 creatures vanquished.

Notes
Turn   | Place    | Note
-------+----------+-------------------------------------------
     0 | D:1      | BlueFish the Minotaur Fighter began the quest for the Orb.
     0 | D:1      | Reached XP level 1. HP: 19/19 MP: 0/0
    38 | D:1      | Reached XP level 2. HP: 27/27 MP: 1/1
   869 | D:2      | Reached XP level 3. HP: 33/33 MP: 2/2
  1221 | D:3      | Found a bloodstained altar of Trog.
  1236 | D:3      | Reached XP level 4. HP: 6/40 MP: 3/3
  1236 | D:3      | Killed from afar by an orc wizard

Levels and vault maps discovered:
D:1:      heliophobic_arrival_henge, layout_basic
D:2:      layout_rooms
D:3:      wander_river, layout_rooms, lemuel_crystal_altar,
          dancing_weapons_uskayaw, corexii_leaking_fountain,
          uniq_crazy_yiuf_cottage

Skill      XL: |  1  2  3 |
---------------+----------+-----
Shields        | 4 |  4.3
Armour         | 4 |  4.3
Fighting       | 4 |  4.1
Long Blades    | 3 |  3.8
Dodging        | |  0.5

Action                   |  1- 3 |  4- 6 || total
-------------------------+-------+-------++-------
Melee: Long sword        |    88 |       ||    88
       Headbutt          |    10 |       ||    10
  Use: Scroll            |     7 |       ||     7
       Potion            |     1 |       ||     1
  Eat: Chunk             |     1 |       ||     1
Armor: Scale mail        |    57 |       ||    57
Dodge: Dodged            |    47 |     2 ||    49
Block: Kite shield       |    38 |       ||    38
       Buckler           |    12 |     3 ||    15
       Rpst.: Long sword |    11 |       ||    11

Table legend:
 A = Non-vault XP
 B = Vault XP
 C = Vault XP percentage of total XP
 D = Non-vault monster count
 E = Vault monster count
 F = Vault count percentage of total count
                 A         B        C        D         E       F
            +---------+---------+-------+---------+---------+-------
      Total |     124 |       0 |   0.0 |      38 |       0 |   0.0
            +---------+---------+-------+---------+---------+-------
        D:1 |      40 |       0 |   0.0 |      24 |       0 |   0.0
        D:2 |      15 |       0 |   0.0 |       5 |       0 |   0.0
        D:3 |      69 |       0 |   0.0 |       9 |       0 |   0.0
            +---------+---------+-------+---------+---------+-------
